 Dungeon Crawl Stone Soup version 0.18.1-48-g4cf74bf (webtiles) character file.

2032 Anatei the Slasher (level 9, 0/75 HPs)
             Began as a Hill Orc Gladiator on Aug 21, 2016.
             Was an Initiate of Fedhas.
             Slain by a slave (3 damage)
             ... led by Pikel
             ... on level 6 of the Dungeon.
             The game lasted 00:40:30 (4979 turns).

Anatei the Slasher (Hill Orc Gladiator)             Turns: 4979, Time: 00:40:31

Health: 0/75       AC: 10    Str: 18 (21) XL:     9   Next: 24%
Magic:  9/9        EV: 14    Int:  7 (8)  God:    Fedhas [......]
Gold:   254        SH:  0    Dex: 10 (11) Spells: 0 memorised, 8 levels left

rFire  . . .     SeeInvis +     a - +0 long sword
rCold  . . .     Gourm    .     b - +0 leather armour
rNeg   . . .     Faith    .     (no shield)
rPois  .         Spirit   .     c - +1 helmet
rElec  .         Dismiss  .     (no cloak)
rCorr  .         Reflect  .     (no gloves)
SustAt .         Harm     .     (no boots)
MR     .....     Rnd*Tele +     g - amulet of regeneration
Stlth  +.........               (no ring)
                                e - ring of teleportation (curse)

@: slowed, very slow, not resistant to hostile enchantments, very unstealthy
A: iridescent scales 1, see invisible, blink
a: Blink, Renounce Religion


You were on level 6 of the Dungeon.
You worshipped Fedhas.
Fedhas was noncommittal.
You were very hungry.

You visited 1 branch of the dungeon, and saw 6 of its levels.

You collected 254 gold pieces.

Inventory:

Hand Weapons
 a - a +0 long sword (weapon)
 q - a +0 falchion
Missiles
 d - 3 throwing nets (quivered)
Armour
 b - a +0 leather armour (worn)
 c - a +1 helmet (worn)
 t - a +0 scale mail
Jewellery
 e - a cursed ring of teleportation (left hand)
 g - an amulet of regeneration (around neck)
 m - a +6 ring of slaying
 o - an uncursed ring of wizardry {unknown}
 w - an uncursed ring of protection from cold {unknown}
Wands
 i - a wand of random effects (15/48)
 u - a wand of iceblast (8/15)
 y - a wand of disintegration (10/24)
Scrolls
 h - 2 scrolls of recharging
 z - a scroll of identify
 A - a scroll of teleportation
 B - a scroll of random uselessness
Potions
 l - a potion of might {unknown}
 n - 2 potions of cancellation {unknown}
 p - 2 potions of haste {unknown}
 s - a potion of agility {unknown}
Comestibles
 f - a bread ration
 j - a fruit
 r - 2 meat rations
 v - 2 beef jerkies


   Skills:
 + Level 6.1 Fighting
 + Level 6.9 Long Blades
 - Level 1.7 Throwing
 * Level 6.3 Armour
 + Level 6.4 Dodging
 + Level 0.6 Stealth


You had 8 spell levels left.
You didn't know any spells.

Dungeon Overview and Level Annotations

Branches:
Dungeon (6/15)
 Temple: D:4-7

Altars:
Dithmenos
Fedhas
Gozag
Makhleb
Nemelex Xobeh
Qazlal
Ru

Annotations:
D:6 Pikel


Innate Abilities, Weirdness & Mutations

You are partially covered in iridescent scales (AC +4).
You have supernaturally acute eyesight.
You can translocate small distances at will.


Message History

The hippogriff claws you but does no damage.
The slave hits you but does no damage. Pikel hits you but does no damage.
The slave barely misses you.
Drink which item? (? for menu, Esc to quit)
It was a potion of degeneration.
There was something very wrong with that liquid.
You feel weakened.
You feel dopey.
You feel clumsy.
You feel less woody.
Your +1 helmet unmelds from your body.
Your +0 leather armour unmelds from your body.
The hippogriff closely misses you.
The hippogriff pecks you but does no damage.
The hippogriff closely misses you. The slave hits you.
* * * LOW HITPOINT WARNING * * *
Pikel hits you but does no damage. The slave closely misses you.
The hippogriff completely misses you. The hippogriff pecks you.
* * * LOW HITPOINT WARNING * * *
The hippogriff closely misses you. The slave hits you.
You die...
Fedhas appreciates your contribution to the ecosystem.

....... ...h...
...o... #########
....... #.......#
....... #..(....#
......)
#......p###.......
#.....pp@Ho...#
#......K###.#.#
+........# ...#
#........# #..#
.........###.>###
.........#......#####
..######.#...........
.. #...........##
###...........


You could see Pikel, a hippogriff, 3 slaves and an orc.

Vanquished Creatures
  Sigmund (D:4)
  Menkaure (D:4)
  Duvessa (D:4)
  An ice beast (D:5)
  2 sky beasts (D:5)
  A necrophage (D:5)
  A phantom (D:5)
  2 ogres (D:5)
  A centaur (D:5)
  A giant frog (D:3)
  Dowan (D:4)
  4 scorpions
  A crimson imp (D:5)
  A howler monkey (D:6)
  A centaur zombie (D:5)
  3 hounds
  An orc priest (D:6)
  An orc wizard (D:6)
  2 iguanas (D:5)
  Terence (D:3)
  5 worker ants
  Robin (D:3)
  A worker ant zombie (D:5)
  A gnoll (D:5)
  5 adders
  A howler monkey skeleton (D:5)
  A shadow imp (D:5)
  An adder skeleton (D:5)
  3 worms
  3 dart slugs
  4 giant geckos
  3 orcs (D:6)
  5 bats
  3 giant cockroaches
  11 goblins
  12 hobgoblins
  7 jackals
  3 quokkas
  6 ball pythons
  A giant cockroach zombie (D:5)
  6 giant newts
  4 kobolds
  2 quokka skeletons
  2 rats (D:3)
  A plant (D:2)
120 creatures vanquished.

Vanquished Creatures (others)
  16 toadstools
16 creatures vanquished.

Grand Total: 136 creatures vanquished

Notes
Turn   | Place    | Note
--------------------------------------------------------------
     0 | D:1      | Anatei the Hill Orc Gladiator began the quest for the Orb.
     0 | D:1      | Reached XP level 1. HP: 18/18 MP: 1/1
   259 | D:1      | Reached XP level 2. HP: 25/25 MP: 2/2
  1072 | D:2      | Reached skill level 1 in Armour
  1103 | D:2      | Reached XP level 3. HP: 30/30 MP: 3/3
  1538 | D:2      | Reached XP level 4. HP: 37/37 MP: 4/4
  1714 | D:2      | Found a sacrificial altar of Ru.
  1931 | D:3      | Noticed Robin
  1957 | D:3      | Gained mutation: You have supernaturally acute eyesight. [potion of mutation]
  1957 | D:3      | Gained mutation: You are partially covered in iridescent scales (AC +4). [potion of mutation]
  1957 | D:3      | Gained mutation: You can translocate small distances at will. [potion of mutation]
  1983 | D:3      | Killed Robin
  2006 | D:3      | Found a sparkling altar of Nemelex Xobeh.
  2071 | D:3      | Noticed a giant frog
  2086 | D:3      | Killed a giant frog
  2086 | D:3      | Reached XP level 5. HP: 40/45 MP: 5/5
  2175 | D:3      | Noticed Terence
  2197 | D:3      | Killed Terence
  2512 | D:3      | Reached XP level 6. HP: 47/51 MP: 6/6
  2743 | D:4      | Found a blossoming altar of Fedhas.
  2743 | D:4      | Noticed Dowan
  2744 | D:4      | Noticed Duvessa
  2777 | D:4      | Killed Duvessa
  2799 | D:4      | Killed Dowan
  2799 | D:4      | Reached XP level 7. HP: 20/58 MP: 7/7
  2862 | D:4      | Noticed Menkaure
  2870 | D:4      | Killed Menkaure
  2892 | D:4      | Became a worshipper of Fedhas Madash
  3106 | D:4      | Noticed Sigmund
  3124 | D:4      | Killed Sigmund
  3124 | D:4      | Reached skill level 5 in Long Blades
  3351 | D:5      | Entered Level 5 of the Dungeon
  3411 | D:5      | Reached XP level 8. HP: 39/67 MP: 8/8
  3419 | D:5      | Reached skill level 5 in Armour
  3428 | D:5      | Reached skill level 5 in Fighting
  3428 | D:5      | Reached skill level 5 in Dodging
  4110 | D:5      | Found a stormy altar of Qazlal.
  4137 | D:5      | Found a shadowy altar of Dithmenos.
  4139 | D:5      | Found a burning altar of Makhleb.
  4256 | D:5      | Reached XP level 9. HP: 75/75 MP: 9/9
  4464 | D:5      | Found an opulent altar of Gozag.
  4464 | D:5      | Found a sparkling altar of Nemelex Xobeh.
  4945 | D:6      | Noticed Pikel
  4979 | D:6      | HP: 3/75 [hippogriff (4)]
  4979 | D:6      | Slain by a slave

Skill      XL: |  1  2  3  4  5  6  7  8 |
---------------+-------------------------+-----
Armour         | 1 3 4 6 |  6.3
Dodging        | 3 4 6 |  6.4
Fighting       | 3 4 6 |  6.1
Long Blades    | 4 5 6 |  6.9
Throwing       | |  1.7
Stealth        | |  0.6

Action                   |  1- 3 |  4- 6 |  7- 9 || total
-------------------------+-------+-------+-------++-------
Melee: Long sword        |   112 |   242 |   280 ||   634
  Use: Scroll            |     3 |     7 |     2 ||    12
       Potion            |       |     4 |     4 ||     8
 Stab: Sleeping          |       |       |     1 ||     1
  Eat: Fruit             |     2 |     1 |     1 ||     4
       Meat ration       |       |     1 |       ||     1
       Bread ration      |       |       |     1 ||     1
Armor: Leather armour    |    63 |   102 |   104 ||   269
       Skin              |       |       |    87 ||    87
Dodge: Dodged            |   133 |   194 |   222 ||   549
